 Dungeon Crawl Stone Soup version 0.25-a0-310-g60f0ac2d9a (webtiles) character file.

Game seed: 4621012615403333796, levelgen mode: classic

237105 Borgoz the Tortoise (level 19, -14/186 HPs)
             Began as a Gargoyle Berserker on Dec 23, 2019.
             Was a High Priest of Trog.
             Blown up by Xokycvui's ghost (16 damage)
             ... with a wavering orb of destruction
             ... on level 1 of the Snake Pit on Dec 24, 2019.
             The game lasted 01:06:17 (28017 turns).

Borgoz the Tortoise (Gargoyle Berserker)           Turns: 28017, Time: 01:06:18

Health: -14/186    AC: 47    Str: 26    XL:     19   Next: 68%
Magic:  19/19      EV: 26    Int: 10    God:    Trog [*****.]
Gold:   2366       SH:  0    Dex: 23    Spells: 18/18 levels left

rFire    + + .     SeeInvis .   b - +6 battleaxe (flame)
rCold    + . .     Gourm    +   (shield currently unavailable)
rNeg     + . .     Faith    .   Y - +2 chain mail "Zicug" {Dex+4 Slay+3}
rPois    ∞         Spirit   .   p - +0 helmet
rElec    +         Reflect  .   F - scarf {rC+ rF+}
rCorr    .         Harm     .   r - +2 pair of gloves
MR       +....                  X - +2 pair of boots "Jakk" {rF+ Dex+4}
Stlth    ..........             E - amulet of the gourmand
HPRegen  0.41/turn              x - ring of Robustness {AC+8}
MPRegen  0.16/turn              h - +6 ring of evasion

@: berserking, flying, lightly drained, very quick
A: big wings, negative energy resistance 1, electricity resistance, unbreathing,
petrification resistance, rot immunity, AC +14
}: 1/15 runes: decaying
a: Stop Flying, Berserk, Trog's Hand, Brothers in Arms, Renounce Religion


You were on level 1 of the Snake Pit.
You worshipped Trog.
Trog was extremely pleased with you.
You were near starving.

You visited 5 branches of the dungeon, and saw 28 of its levels.
You also visited: Sewer, Gauntlet and Ice Cave.

You collected 3546 gold pieces.
You spent 1180 gold pieces at shops.

Inventory:

Hand Weapons
 a - a +5 battleaxe of electrocution
 b - a +6 battleaxe of flaming (weapon)
 m - a +4 antimagic executioner's axe
Missiles
 K - 3 throwing nets (quivered)
Armour
 p - a +0 helmet (worn)
 r - a +2 pair of gloves (worn)
 F - a scarf of resistance (worn)
 P - the +0 ring mail "Meotim" {rF++}
   (You found it on level 2 of the Swamp)

   It greatly protects you from fire.
 T - +0 acid dragon scales
 X - the +2 pair of boots "Jakk" (worn) {rF+ Dex+4}
   (You found it on level 13 of the Dungeon)

   It affects your dexterity (+4).
   It protects you from fire.
 Y - the +2 chain mail "Zicug" (worn) {Dex+4 Slay+3}
   (You found it on level 13 of the Dungeon)

   It affects your dexterity (+4).
   It affects your accuracy and damage with ranged weapons and melee attacks
   (+3).
Jewellery
 f - the amulet of Fezxiski {Harm *Drain Str+4}
   (You found it on level 14 of the Dungeon)

   [amulet of harm]

   It increases damage dealt and taken.
   It affects your strength (+4).
   It causes draining when unequipped.
 h - a +6 ring of evasion (right hand)
 l - an uncursed ring of protection from cold
 o - the ring "Ammuj" {rF+ SInv}
   (You found it on level 9 of the Dungeon)

   [ring of protection from fire]

   It protects you from fire.
   It lets you see invisible.
 q - an uncursed ring of protection from magic
 x - the ring of Robustness (left hand) {AC+8}
   (You found it on level 15 of the Dungeon)

   [ring of protection]

   It affects your AC (+8).
 E - an amulet of the gourmand (around neck)
 R - an uncursed ring of resist corrosion
Wands
 u - a wand of enslavement (7)
 y - a wand of iceblast (41)
 G - a wand of digging (11)
 J - a wand of acid (20)
 N - a wand of clouds (17)
Scrolls
 d - 11 scrolls of teleportation
 g - 5 scrolls of magic mapping
 k - 2 scrolls of summoning
 n - a scroll of identify
 t - 2 scrolls of silence
 z - 5 scrolls of remove curse
 A - a scroll of fear
 C - 8 scrolls of blinking
 H - a scroll of fog
 I - 2 scrolls of acquirement
Potions
 e - 2 potions of invisibility
 i - 2 potions of cancellation
 j - 4 potions of resistance
 s - 12 potions of curing
 v - 2 potions of agility
 w - 6 potions of heal wounds
 B - 5 potions of haste
 D - 3 potions of berserk rage
 M - 6 potions of might
Comestibles
 c - 43 rations


   Skills:
 + Level 15.6(15.0) Fighting
 * Level 16.5(15.9) Axes
 * Level 17.7(17.0) Armour
 * Level 14.1(13.5) Dodging


You had 18 spell levels left.
You didn't know any spells.
Your spell library was empty.

Dungeon Overview and Level Annotations

Branches:
Dungeon (15/15) Temple (0/1) D:6 Lair (6/6) D:10 Swamp (4/4) Lair:2 Snake (1/4) Lair:3 Slime (0/5) Lair:6 Orc (2/2) D:12 Elf (0/3) Orc:2 Vaults (0/5) D:12 D:13 Depths (0/5) D:15 Sewer (visited) IceCv (visited) Gauntlet (visited)

Altars:
Gozag
Trog
Uskayaw
Xom
Beogh
Jiyva

Shops:
D:10 *   D:11 !   D:12 }   D:14 (   Orc:1 =   Orc:2 [?*([*

Portals:
Trove: D:15 (give +3 gold dragon scales)

Annotations:
Snake:1 1 transporter, Xokycvui's ghost, adept TeAE


Innate Abilities, Weirdness & Mutations

You are resistant to torment.
Your stone body is resilient. (AC +14)
You are immune to poison.
Your large and strong wings let you fly indefinitely.
You resist negative energy. (rN+)
You are resistant to electric shocks. (rElec)
You can survive without breathing.
You are immune to petrification.
You are immune to rotting.


Message History

Xokycvui's ghost hits you but does no damage.
The salamander shoots an arrow.
The arrow hits you but does no damage.
You barely miss the naga warrior.
The naga warrior is almost dead.
You hit Xokycvui's ghost. You burn Xokycvui's ghost.
The naga warrior hits you but does no damage.
The naga warrior constricts you.
You slash the naga warrior! You burn the naga warrior.
The naga warrior is almost dead.
You miss Xokycvui's ghost. Xokycvui's ghost misses you.
The naga warrior completely misses you. The naga warrior constricts you.
The salamander shoots an arrow.
The arrow misses you.
You slash the naga warrior! You burn the naga warrior.
You kill the naga warrior!
Trog accepts your kill.
You slash the naga warrior! You burn the naga warrior.
You slice Xokycvui's ghost!! You burn Xokycvui's ghost!
Xokycvui's ghost launches a ball of destructive magic.
The wavering orb of destruction weakly hits you!
You die...

##
#..#####N...##....#...###
#
#.##.#≈#.###.##.......##
#.#N.##/?N≈ #.#.....#..##
#.#..../§.###.#....#.....
#.#...#.§.....#.#.....###
#.##..#§#N...##......##
#..#..##N....#......##
##.###NNW)..##...##.#
#..###.@)###...#####
##...#####.....# ##
###...©......## #.
###......### ## ##...###
#####


You could see 2 naga warriors, 3 salamanders and Xokycvui's ghost.

Vanquished Creatures
  Jorgrun (D:13)
  2 thorn hunters
  Frances (D:14)
  A tengu reaver (D:13)
  Kirke (Lair:5)
  2 orc warlords (Orc:2)
  An iron dragon (D:15)
  2 entropy weavers (Lair:6)
  The ghost of zkyp the Nimble, a journeyman DsCK of Xom (Lair:6)
  2 minotaurs
  A dire elephant (Lair:6)
  The ghost of LostGamesStreakFreak the Blocker, a journeyman MiFi of Makhleb (Lair:1)
  5 ogre magi
  Josephine (D:12)
  2 ice dragons (D:15)
  A fire dragon (D:13)
  4 naga warriors (Snake:1)
  25 hydras
  A ghost crab (Swamp:4)
  3 shambling mangroves (Swamp:4)
  2 death knights
  A hell beast (Gauntlet)
  A catoblepas (Lair:6)
  2 centaur warriors (D:13)
  The ghost of olaf the Cleaver, a novice MiBe of Trog (D:9)
  21 two-headed ogres
  Urug (Lair:1)
  2 death yaks (Lair:6)
  14 alligators
  A queen ant (Lair:6)
  A deep troll earth mage (D:13)
  2 tengu warriors (D:15)
  4 naga sharpshooters (Snake:1)
  Sonja (D:11)
  Nergalle (Lair:1)
  8 iron trolls (D:15)
  A fire crab (Lair:6)
  A death drake (Gauntlet)
  4 spriggan druids
  An unseen horror (D:14)
  11 swamp dragons
  An obsidian statue (D:13)
  2 phantasmal warriors (D:11)
  An orc knight (D:13)
  A lindwurm (Lair:6)
  A mana viper (Snake:1)
  A necromancer (IceCv)
  13 ugly things
  4 oklob plants (Lair:5)
  A deep elf mage (D:11)
  7 manticores
  3 cyclopes (D:13)
  An orc sorcerer (Orc:1)
  A salamander (Snake:1)
  A moth of wrath (Snake:1)
  8 elephants
  13 black mambas
  Joseph (D:10)
  Maurice (D:13)
  4 centaur skeletons
  2 gargoyles
  An ice statue (IceCv)
  16 spiny frogs
  3 kobold demonologists (D:12)
  2 rime drakes
  10 komodo dragons
  A komodo dragon (shapeshifter) (D:15)
  2 ice devils (Lair:1)
  11 freezing wraiths
  A tengu conjurer (D:13)
  A merfolk (D:12)
  2 jumping spiders (shapeshifter)
  A polar bear (Lair:4)
  11 trolls
  8 tyrant leeches
  13 hornets
  Grinder (D:3)
  A wolf spider simulacrum (IceCv)
  32 slime creatures
  8 bog bodies
  14 dream sheep
  15 blink frogs
  Prince Ribbit (D:8)
  A meliai zombie (D:12)
  8 hippogriffs
  8 spriggans
  19 yaks
  2 shadows
  2 vampires
  7 wraiths
  4 wyverns
  16 humans
  A fire elemental (Lair:5)
  5 hogs (Lair:5)
  3 hungry ghosts
  Grum (Lair:1)
  4 basilisks
  A yak (shapeshifter) (D:14)
  10 vampire mosquitoes
  16 swamp worms
  2 wargs (Orc:1)
  16 soldier ants (Lair:6)
  2 acid dragons (D:14)
  6 nagas (Snake:1)
  21 insubstantial wisps
  9 water moccasins
  11 swamp drakes
  2 hell hounds (Gauntlet)
  5 porcupines
  6 ice beasts (IceCv)
  An alligator simulacrum (IceCv)
  2 spectral hornets (Gauntlet)
  27 orc warriors
  A black bear (Lair:5)
  A meliai simulacrum (D:9)
  A sky beast (D:9)
  An eye of draining (D:10)
  29 ogres
  5 phantoms
  A necrophage (D:7)
  A hornet zombie (D:11)
  20 wolves
  15 centaurs
  9 crocodiles
  2 big kobolds
  18 bullfrogs
  A wyvern skeleton (D:11)
  5 scorpions
  4 wights (D:8)
  5 howler monkeys
  A vampire bat (D:14)
  An electric eel (Lair:5)
  4 crimson imps
  4 bullfrog zombies
  4 hounds
  5 centaur zombies
  A draconian simulacrum (IceCv)
  3 bullfrog skeletons
  4 jellies
  Crazy Yiuf (D:3)
  22 orc priests
  Jessica (D:3)
  7 iguanas
  Terence (D:2)
  28 worker ants
  Natasha (thrice) (D:3)
  27 orc wizards
  3 spriggan simulacra (IceCv)
  A polar bear simulacrum (IceCv)
  5 troll simulacra (IceCv)
  A killer bee zombie (D:6)
  A wolf simulacrum (IceCv)
  5 centaur simulacra (IceCv)
  3 gnolls (Orc:1)
  2 ogre simulacra (IceCv)
  22 adders
  4 naga simulacra (IceCv)
  3 river rats (D:4)
  7 shadow imps
  12 white imps (IceCv)
  An ooze (D:1)
  An adder skeleton (D:5)
  4 worms
  A ball lightning (Snake:1)
  A dart slug (D:1)
  5 leopard geckos
  106 orcs
  15 bats
  5 giant cockroaches
  7 goblins
  6 hobgoblins
  6 jackals
  18 kobolds
  5 quokkas
  A ball python (D:2)
  A frilled lizard (shapeshifter) (D:14)
  8 frilled lizards
  A jackal skeleton (D:4)
  A quokka skeleton (D:6)
  11 rats
  5 fungi
  3 plants
1096 creatures vanquished.

Vanquished Creatures (others)
  A swamp drake (Swamp:4)
  An orc priest (D:6)
  2 orc wizards
  A worker ant (D:14)
  6 ball lightnings (Snake:1)
  A bush (Lair:6)
  6 fungi
  16 plants
34 creatures vanquished.

Grand Total: 1130 creatures vanquished

Notes
Turn   | Place    | Note
-------+----------+-------------------------------------------
     0 | D:1      | Borgoz the Gargoyle Berserker began the quest for the Orb.
     0 | D:1      | Reached XP level 1. HP: 14/14 MP: 1/1
    79 | D:1      | Reached XP level 2. HP: 3/19 MP: 2/2
   857 | D:1      | Reached XP level 3. HP: 23/23 MP: 3/3
  1207 | D:2      | Reached skill level 3 in Armour
  1231 | D:2      | Noticed Terence
  1250 | D:2      | Killed Terence
  1250 | D:2      | Reached XP level 4. HP: 28/28 MP: 4/4
  1315 | D:2      | Reached ** piety under Trog
  1574 | D:2      | Reached XP level 5. HP: 30/32 MP: 5/5
  1693 | D:3      | Reached skill level 4 in Armour
  1828 | D:3      | Noticed Grinder
  1839 | D:3      | Killed Grinder
  1839 | D:3      | Reached XP level 6. HP: 37/37 MP: 6/6
  2012 | D:3      | Reached XP level 7. HP: 36/41 MP: 7/7
  2048 | D:3      | Noticed Natasha
  2052 | D:3      | Reached *** piety under Trog
  2057 | D:3      | Killed Natasha
  2057 | D:3      | Reached skill level 5 in Armour
  2103 | D:3      | Noticed Natasha
  2109 | D:3      | Killed Natasha
  2147 | D:3      | Found a runed translucent door.
  2148 | D:3      | Noticed Crazy Yiuf
  2180 | D:3      | Noticed Jessica
  2190 | D:3      | Killed Jessica
  2253 | D:3      | Killed Crazy Yiuf
  2536 | D:4      | Found a glowing drain.
  2541 | Sewer    | Entered a sewer
  2639 | Sewer    | Reached skill level 5 in Axes
  2664 | Sewer    | Found a white marble altar of Elyvilon.
  3287 | D:3      | Noticed Natasha
  3306 | D:3      | Killed Natasha
  3306 | D:3      | Reached XP level 8. HP: 35/48 MP: 8/8
  3346 | D:5      | Entered Level 5 of the Dungeon
  3391 | D:5      | Found an opulent altar of Gozag.
  3588 | D:5      | Reached skill level 6 in Armour
  3742 | D:5      | Reached **** piety under Trog
  4129 | D:5      | Found a runed translucent door.
  4263 | D:6      | Reached skill level 5 in Fighting
  4326 | D:6      | Reached skill level 5 in Dodging
  4357 | D:6      | Found a staircase to the Ecumenical Temple.
  4430 | D:6      | Found a hide-covered altar of Uskayaw.
  4471 | D:6      | Reached XP level 9. HP: 51/54 MP: 9/9
  4538 | D:6      | Reached skill level 7 in Armour
  4843 | D:7      | Reached ***** piety under Trog
  4843 | D:7      | Received a gift from Trog
  5559 | D:8      | Noticed a two-headed ogre
  5571 | D:8      | Killed a two-headed ogre
  5571 | D:8      | Reached skill level 8 in Armour
  5763 | D:8      | Reached XP level 10. HP: 63/63 MP: 10/10
  5782 | D:8      | Noticed Prince Ribbit
  5805 | D:8      | Killed Prince Ribbit
  6207 | D:9      | Got a scorched platinum ring
  6209 | D:9      | Identified the ring "Ammuj" {rF+ SInv} (You found it on
                  | level 9 of the Dungeon)
  6287 | D:9      | Noticed a brown ugly thing
  6297 | D:9      | Killed a brown ugly thing
  6362 | D:9      | Reached skill level 9 in Armour
  6397 | D:9      | Found a transporter.
  6398 | D:9      | Noticed olaf's ghost (novice MiBe)
  6424 | D:9      | Noticed a death knight
  6445 | D:9      | Found a transporter.
  6780 | D:10     | Entered Level 10 of the Dungeon
  6801 | D:10     | Noticed a gargoyle
  6823 | D:10     | Killed a gargoyle
  6834 | D:10     | Received a gift from Trog
  7129 | D:10     | Reached XP level 11. HP: 68/69 MP: 11/11
  7205 | D:10     | Found Zeuchyow's Assorted Antiques.
  7369 | D:10     | Noticed Joseph
  7397 | D:10     | Killed Joseph
  7439 | D:10     | Found a staircase to the Lair.
  7723 | D:5      | Found a roughly hewn altar of Beogh.
  8104 | D:11     | Reached skill level 10 in Armour
  8281 | D:11     | Noticed a deep elf mage
  8297 | D:11     | Killed a deep elf mage
  8396 | D:11     | Noticed a manticore
  8412 | D:11     | Killed a manticore
  8647 | D:11     | Noticed Sonja
  8673 | D:11     | Killed Sonja
  8849 | D:11     | Noticed a cyan ugly thing
  8861 | D:11     | Killed a cyan ugly thing
  8932 | D:11     | Noticed a two-headed ogre
  8947 | D:11     | Killed a two-headed ogre
  9156 | D:11     | Found Routoih's Distillery.
  9157 | D:11     | Noticed a death knight
  9157 | D:11     | Noticed a phantasmal warrior
  9158 | D:11     | Noticed a phantasmal warrior
  9168 | D:11     | Killed a phantasmal warrior
  9174 | D:11     | Killed a death knight
  9174 | D:11     | Reached XP level 12. HP: 44/77 MP: 12/12
  9178 | D:11     | Reached skill level 10 in Axes
  9530 | D:12     | Reached skill level 10 in Fighting
  9840 | D:12     | Found Isarirekk's Gadget Boutique.
  9915 | D:12     | Noticed Josephine
  9928 | D:12     | Killed Josephine
  9928 | D:12     | Reached skill level 11 in Armour
 10141 | D:12     | Received a gift from Trog
 10362 | D:12     | Found a staircase to the Orcish Mines.
 10473 | D:13     | Noticed a two-headed ogre
 10485 | D:13     | Noticed a two-headed ogre
 10486 | D:13     | Noticed a four-headed hydra
 10495 | D:13     | Killed a two-headed ogre
 10499 | D:13     | Noticed a centaur warrior
 10525 | D:12     | Killed a four-headed hydra
 10740 | D:13     | Found a gate to the Vaults.
 10740 | D:13     | Noticed a two-headed ogre
 10835 | D:13     | Killed a centaur warrior
 10837 | D:13     | Killed a two-headed ogre
 10867 | D:13     | Reached XP level 13. HP: 49/84 MP: 13/13
 11268 | D:13     | Noticed a fire dragon
 11269 | D:13     | Noticed a tengu reaver
 11307 | D:13     | Received a gift from Trog
 11326 | D:13     | Noticed an ogre mage
 11355 | D:13     | Noticed Jorgrun
 11358 | D:13     | Found a transporter.
 11377 | D:13     | Killed Jorgrun
 11377 | D:13     | Reached skill level 12 in Armour
 11447 | D:13     | Noticed Maurice
 11465 | D:13     | Killed Maurice
 11487 | D:13     | Found a transporter.
 11708 | D:14     | Noticed Frances
 12046 | D:9      | Killed olaf's ghost
 12556 | D:14     | Found a shimmering altar of Xom.
 12625 | D:14     | Got a clouded graven amulet
 12626 | D:14     | Identified the amulet of Fezxiski {Harm *Drain Str+4} (You
                  | found it on level 14 of the Dungeon)
 12627 | D:14     | Found Cayzy's Weapon Emporium.
 12635 | D:14     | Found a shimmering altar of Xom.
 12635 | D:14     | Found a shimmering altar of Xom.
 12679 | D:14     | Killed Frances
 12853 | D:14     | Found a shimmering altar of Xom.
 12902 | D:14     | You fall into a shaft and drop 1 floor!
 12902 | D:15     | Entered Level 15 of the Dungeon
 12913 | D:15     | Gained mutation: Your large and strong wings let you fly
                  | indefinitely. [Gargoyle growth]
 12913 | D:15     | Reached XP level 14. HP: 69/92 MP: 14/14
 12953 | D:15     | Reached skill level 10 in Dodging
 13193 | D:15     | Received a gift from Trog
 13463 | D:15     | HP: 4/92 [iron troll (14)]
 13471 | D:15     | HP: 3/92 [iron troll (15)]
 13595 | D:15     | Reached skill level 13 in Armour
 13737 | D:15     | Noticed an iron dragon
 13738 | D:15     | Found the ring of Robustness {AC+8}
 13747 | D:15     | Killed an iron dragon
 13898 | D:15     | Found a staircase to the Depths.
 14106 | D:15     | Found a portal to a secret trove of treasure.
 14986 | D:13     | Killed a tengu reaver
 15124 | D:13     | Got a pair of pitted boots
 15126 | D:13     | Got a steaming chain mail
 15234 | Lair:1   | Entered Level 1 of the Lair of Beasts
 15264 | Lair:1   | Identified the +2 pair of boots "Jakk" {rF+ Dex+4} (You
                  | found it on level 13 of the Dungeon)
 15368 | Lair:1   | Identified the +2 chain mail "Zicug" {Dex+4 Slay+3} (You
                  | found it on level 13 of the Dungeon)
 15417 | Lair:1   | Noticed Grum
 15427 | Lair:1   | Killed Grum
 15467 | Lair:1   | Noticed Nergalle
 15473 | Lair:1   | Killed Nergalle
 15502 | Lair:1   | Found a runed translucent gate.
 15502 | Lair:1   | Found a runed translucent gate.
 15502 | Lair:1   | Found a runed translucent gate.
 15506 | Lair:1   | Noticed LostGamesStreakFreak's ghost (journeyman MiFi)
 15763 | Lair:1   | Found a frozen archway.
 15780 | IceCv    | Entered an ice cave
 15784 | IceCv    | Reached XP level 15. HP: 69/97 MP: 15/15
 15952 | IceCv    | Received a gift from Trog
 16020 | IceCv    | Reached skill level 14 in Armour
 16192 | IceCv    | Found an ancient bone altar of Kikubaaqudgha.
 16649 | Lair:1   | Noticed Urug
 16660 | Lair:1   | Killed Urug
 16807 | Lair:1   | Killed LostGamesStreakFreak's ghost
 16922 | Lair:1   | Reached XP level 16. HP: 104/104 MP: 16/16
 16923 | Lair:1   | Reached XP level 17. HP: 109/109 MP: 17/17
 17043 | Lair:2   | Found a staircase to the Swamp.
 17140 | Lair:2   | Received a gift from Trog
 18304 | Lair:3   | Found a staircase to the Snake Pit.
 18780 | Lair:4   | Reached skill level 15 in Armour
 19440 | Lair:5   | Noticed Kirke
 19531 | Lair:5   | Found a gate leading to a gauntlet.
 19544 | Gauntlet | Entered a Gauntlet
 19544 | Gauntlet | Found a transporter.
 19547 | Gauntlet | Found a transporter.
 19551 | Gauntlet | Found a transporter.
 19554 | Gauntlet | Found a transporter.
 19555 | Gauntlet | Found a transporter.
 19555 | Gauntlet | Found a transporter.
 19563 | Gauntlet | Found a transporter.
 19564 | Gauntlet | Found a transporter.
 19565 | Gauntlet | Found the +2 ratskin cloak {+Rats rPois rN+ Str-1 Int-1
                  | Dex+1}
 19632 | Gauntlet | Found a transporter.
 19634 | Gauntlet | Found a transporter.
 19638 | Gauntlet | Found a transporter.
 19650 | Gauntlet | Found a transporter.
 19817 | Gauntlet | Got a faintly humming cloak
 19832 | Gauntlet | Identified the +2 cloak "Dydinn" {+Blink rC- Int-2 Dex+5}
                  | (You found it in a Gauntlet)
 19850 | Gauntlet | Identified the cursed ring "Xamebo" {*Slow rElec Str+2
                  | Int-4}
 19861 | Gauntlet | Identified the Disquisition on Gliding Ice
 19862 | Gauntlet | Found the +7 mace of Variability {chain chaos}
 20091 | Lair:5   | Received a gift from Trog
 20400 | Lair:5   | Killed Kirke
 20728 | Lair:6   | Entered Level 6 of the Lair of Beasts
 21047 | Lair:6   | Found a viscous altar of Jiyva.
 21047 | Lair:6   | Found a staircase to the Slime Pits.
 21050 | Lair:6   | Reached skill level 15 in Axes
 21141 | Lair:6   | Found a runed translucent door.
 21144 | Lair:6   | Noticed zkyp's ghost (journeyman DsCK)
 21295 | Lair:6   | Reached XP level 18. HP: 116/116 MP: 18/18
 21295 | Lair:6   | Received a gift from Trog
 21715 | Lair:6   | Identified a scroll of acquirement
 21887 | Lair:6   | Killed zkyp's ghost
 22131 | Orc:1    | Entered Level 1 of the Orcish Mines
 22169 | Orc:1    | Reached skill level 16 in Armour
 22190 | Orc:1    | Found Eweic's Jewellery Shop.
 22192 | Orc:2    | Entered Level 2 of the Orcish Mines
 22225 | Orc:2    | Received a gift from Trog
 22246 | Orc:2    | Found Kogriasi's Magic Scroll Shop.
 22246 | Orc:2    | Found Kaudilliha's Antique Weapon Shoppe.
 22247 | Orc:2    | Found Edwy's General Store.
 22247 | Orc:2    | Found Ipniutt's Armour Boutique.
 22789 | Orc:2    | Bought a scroll of teleportation for 39 gold pieces
 22789 | Orc:2    | Bought a scroll of summoning for 123 gold pieces
 22803 | Orc:2    | Found Jayd's Assorted Antiques.
 22811 | Orc:2    | Bought a potion of heal wounds for 175 gold pieces
 22865 | Orc:2    | Found a roughly hewn altar of Beogh.
 22985 | Orc:2    | Found a staircase to the Elven Halls.
 22999 | Orc:2    | Found Nyllis's Antique Armour Shoppe.
 23016 | Orc:2    | Received a gift from Trog
 23463 | Orc:1    | Found a shimmering altar of Xom.
 23779 | Orc:1    | Bought an uncursed ring of protection from cold for 350
                  | gold pieces
 24051 | D:11     | Bought a potion of heal wounds for 85 gold pieces
 24051 | D:11     | Bought a potion of resistance for 170 gold pieces
 24051 | D:11     | Bought a potion of haste for 170 gold pieces
 24051 | D:11     | Bought a potion of might for 68 gold pieces
 24145 | Swamp:1  | Entered Level 1 of the Swamp
 24377 | Swamp:1  | Reached skill level 15 in Fighting
 24684 | Swamp:2  | Received a gift from Trog
 25449 | Swamp:3  | Received a gift from Trog
 25689 | Swamp:3  | Reached XP level 19. HP: 119/124 MP: 19/19
 25884 | Swamp:3  | Reached skill level 17 in Armour
 26055 | Swamp:4  | Entered Level 4 of the Swamp
 26153 | Swamp:4  | Received a gift from Trog
 26590 | Swamp:4  | Got a decaying rune of Zot
 26840 | Swamp:2  | Got an encrusted ring mail
 26851 | Swamp:2  | Identified the cursed +0 ring mail "Meotim" {rF++} (You
                  | found it on level 2 of the Swamp)
 27050 | Snake:1  | Entered Level 1 of the Snake Pit
 27203 | Snake:1  | Received a gift from Trog
 27292 | Snake:1  | Found a transporter.
 27292 | Snake:1  | Found a transporter.
 27302 | Snake:1  | Identified the +10 quarterstaff of Glory {venom, +Blink rF+
                  | Stlth+}
 27528 | Snake:1  | Identified the cursed +0 long sword "Jauwari" {flame, Int+7
                  | Dex-4}
 27539 | Snake:1  | Noticed Xokycvui's ghost (adept TeAE)
 27540 | Snake:1  | Identified the +6 battleaxe of Experimentation {freeze,
                  | +Inv Int+2 Stlth+}
 27548 | Snake:1  | Found a bloodstained altar of Trog.
 28012 | Snake:1  | HP: 9/186 [naga warrior/the +6 battleaxe of Experimentation
                  | {freeze, +Inv Int+2 Stlth+} (18)]
 28014 | Snake:1  | HP: 2/186 [ball lightning[Xokycvui's ghost] (3)]
 28017 | Snake:1  | Blown up by Xokycvui's ghost

Levels and vault maps discovered:
D:1:      psy_arrival_dodecagon, layout_basic, minmay_misc_feat_secret_circle,
          serial_bayou_lagoon_a, minmay_tromino_v2
D:2:      layout_rooms, uniq_terence
D:3:      layout_rooms, uniq_grinder, uniq_jessica, uniq_natasha,
          uniq_crazy_yiuf_cottage
D:4:      layout_rooms, lightli_sewer_entry_pipes, first_ration,
          hangedman_decor_push
D:5:      layout_loops_ring, nicolae_gozag_cash_rules_everything_around_me,
          lightli_church_of_beogh
D:6:      layout_rooms, minmay_temple_entry_mist, basic_altar,
          kennysheep_generic_room_10
D:7:      layout_basic
D:8:      layout_cave_pools, uniq_prince_ribbit1
D:9:      layout_loops_ring, gammafunk_ghost_mausoleum
D:10:     layout_rooms, lair_entry_dummy, serial_shops, shop, uniq_joseph
D:11:     layout_loops_ring, serial_shops, shop, uniq_sonja
D:12:     layout_roguey, hiddenorc1_lemuel, serial_shops, kennysheep_mini_moat,
          hangedman_fish_farm, uniq_josephine
D:13:     gammafunk_sealed_arena, layout_cave_pools, david_vaults_3,
          uniq_jorgrun, uniq_maurice
D:14:     layout_cave_pools, serial_shops, nicolae_shop_stone, roderic_batcave,
          xom_shifter_show, uniq_frances
D:15:     grunt_enter_depths_hoard, layout_basic, grunt_decor_one_mirror,
          nicolae_trove_entry_free_sample, minmay_guarded_unrand_robustness
Lair:1:   layout_chaotic_city, maelrawn_ghost_gauntlet_escape,
          portal_ice_cave_demonic_guard, st_stairs_13, serial_bayou_pond_d,
          infiniplex_staircase_pool, uniq_nergalle, uniq_grum, uniq_urug
Lair:2:   layout_cave_pods, skrybe_swamp_entry_bodies
Lair:3:   layout_regular_city, dummy_snake_entry, st_stairs_11,
          grunt_megastairs_2
Lair:4:   layout_long_grid, grunt_megastairs_1
Lair:5:   layout_gridlike, gauntlet_entry_generic, minmay_lair_oklob_chamber,
          lemuel_fruit_tree, uniq_kirke
Lair:6:   hangedman_lair_in_review, layout_regular_city, slime_altar_1,
          ebering_ghost_reflecting_pool, zaba_antful_of_joy,
          infiniplex_staircase_pool_2
Swamp:1:  layout_basic_swamp, wheals_swamp_sinkhole
Swamp:2:  layout_basic_swamp, evilmike_swamp_ruin_house_2
Swamp:3:  layout_falls_marsh, hangedman_swamp_cone
Swamp:4:  swamp, layout_basic_swamp
Snake:1:  layout_layer_cave, gammafunk_ghost_wrathful_warriors,
          grunt_ministairs_14
Orc:1:    layout_caves, basic_altar, serial_shops,
          nicolae_shop_temple_entry_statues_fountains
Orc:2:    st_orc_ogre_mass, layout_caves, serial_shops,
          nicolae_shop_overgrown_old_shop, nicolae_shop_window_shopping,
          nicolae_orc_lost_temple

Skill      XL: |  1  2  3  4  5  6  7  8  9 10 11 12 13 14 15 16 17 18 19 |
---------------+----------------------------------------------------------+-----
Axes           | 3 4 5 6 7 8 9 11 12 13 14 15 16 | 16.5
Dodging        | 2 3 4 5 6 7 8 9 11 12 13 14 | 14.1
Armour         | 3 4 5 6 8 9 10 11 12 13 14 15 16 17 | 17.7
Fighting       | 4 5 7 8 9 11 12 13 14 15 | 15.6

Action                   |  1- 3 |  4- 6 |  7- 9 | 10-12 | 13-15 | 16-18 | 19-21 || total
-------------------------+-------+-------+-------+-------+-------+-------+-------++-------
Melee: Hand axe          |   111 |   194 |   636 |   743 |   436 |       |       ||  2120
       Unarmed           |    15 |       |       |       |       |     8 |       ||    23
       Flail             |       |       |       |    18 |       |       |       ||    18
       Battleaxe         |       |       |       |       |   258 |   738 |   284 ||  1280
Throw: Throwing net      |       |       |       |       |     1 |       |       ||     1
Invok: Berserk           |     1 |     2 |     5 |    11 |    15 |     8 |     1 ||    43
       Trog's Hand       |       |     1 |     4 |     7 |     8 |     3 |     3 ||    26
       Brothers in Arms  |       |       |       |       |     1 |       |       ||     1
 Abil: Fly               |       |       |       |       |       |     1 |       ||     1
Evoke: Wand              |       |       |       |     2 |     1 |       |       ||     3
  Use: Scroll            |       |       |    12 |    11 |    10 |     9 |     3 ||    45
       Potion            |       |       |     2 |     1 |     7 |     1 |       ||    11
 Stab: Sleeping          |     1 |       |       |       |       |       |       ||     1
       Invisible         |       |       |     9 |       |       |       |       ||     9
  Eat: Chunk             |     1 |     6 |    20 |    21 |    29 |    30 |     5 ||   112
       Ration            |       |       |       |     3 |     3 |     2 |     1 ||     9
Armor: Animal skin       |    39 |       |       |       |       |       |       ||    39
       Scale mail        |       |   144 |   148 |       |       |       |       ||   292
       Ring mail         |       |       |   106 |   169 |       |       |       ||   275
       Plate armour      |       |       |       |   170 |   324 |       |       ||   494
       Chain mail        |       |       |       |       |    68 |   344 |   157 ||   569
       Fire dragon scale |       |       |       |       |       |     7 |       ||     7
Dodge: Dodged            |    97 |   170 |   463 |   744 |   553 |   889 |   369 ||  3285

Table legend:
 A = Non-vault XP
 B = Vault XP
 C = Vault XP percentage of total XP
 D = Non-vault monster count
 E = Vault monster count
 F = Vault count percentage of total count
                 A         B        C        D         E       F
            +---------+---------+-------+---------+---------+-------
      Total |  155721 |  117297 |  43.0 |     739 |     351 |  32.2
            +---------+---------+-------+---------+---------+-------
        D:1 |      39 |       3 |   7.1 |      19 |       2 |   9.5
        D:2 |      96 |      36 |  27.3 |      24 |       1 |   4.0
        D:3 |     249 |     394 |  61.3 |      29 |       4 |  12.1
        D:4 |     235 |      68 |  22.4 |       9 |       8 |  47.1
        D:5 |     503 |     354 |  41.3 |      19 |      25 |  56.8
        D:6 |    1156 |      70 |   5.7 |      29 |       1 |   3.3
        D:7 |     330 |       0 |   0.0 |      10 |       0 |   0.0
        D:8 |    1700 |     251 |  12.9 |      24 |       1 |   4.0
        D:9 |    2637 |    2468 |  48.3 |      28 |       6 |  17.6
       D:10 |    1805 |     439 |  19.6 |      15 |       1 |   6.2
       D:11 |    7966 |     807 |   9.2 |      36 |       1 |   2.7
       D:12 |    4475 |    2786 |  38.4 |      24 |      25 |  51.0
       D:13 |    8629 |   16605 |  65.8 |      37 |      28 |  43.1
       D:14 |    6482 |    2485 |  27.7 |      23 |      11 |  32.4
       D:15 |    9335 |    9840 |  51.3 |      27 |      11 |  28.9
     Lair:1 |    1836 |    6254 |  77.3 |       9 |      13 |  59.1
     Lair:2 |    2888 |     527 |  15.4 |      14 |       2 |  12.5
     Lair:3 |    3468 |     415 |  10.7 |      12 |       4 |  25.0
     Lair:4 |    6676 |     370 |   5.3 |      28 |       1 |   3.4
     Lair:5 |    6847 |    5249 |  43.4 |      24 |      11 |  31.4
     Lair:6 |   13703 |   17988 |  56.8 |      40 |      53 |  57.0
    Swamp:1 |    9690 |       0 |   0.0 |      31 |       0 |   0.0
    Swamp:2 |    9762 |       0 |   0.0 |      31 |       0 |   0.0
    Swamp:3 |   12505 |       0 |   0.0 |      38 |       0 |   0.0
    Swamp:4 |   24543 |   16739 |  40.5 |      51 |      25 |  32.9
    Snake:1 |    8367 |    2592 |  23.7 |      16 |       6 |  27.3
      Orc:1 |    3826 |       0 |   0.0 |      41 |       0 |   0.0
      Orc:2 |    5973 |   20066 |  77.1 |      51 |      41 |  44.6
      Sewer |       0 |     108 | 100.0 |       0 |       8 | 100.0
      IceCv |       0 |    6438 | 100.0 |       0 |      54 | 100.0
   Gauntlet |       0 |    3945 | 100.0 |       0 |       8 | 100.0
            +---------+---------+-------+---------+---------+-------
